 Dungeon Crawl Stone Soup version 0.26-a0-1102-g347fe5baa7 (webtiles) character file.

Game seed: 3389546816323350030

3822 robertstho the Frost Mage (level 10, -3/74 HPs)
             Began as a Gnoll Ice Elementalist on Dec 15, 2020.
             Was a Follower of Vehumet.
             Slain by a troll (7 damage)
             ... on level 9 of the Dungeon.
             The game lasted 00:14:45 (9485 turns).

robertstho the Frost Mage (Gnoll Ice Elementalist)  Turns: 9485, Time: 00:14:46

Health: -3/74      AC:  4    Str: 10      XL:     10   Next: 17%
Magic:  21/29      EV: 16    Int: 21      God:    Vehumet [*.....]
Gold:   428        SH:  0    Dex: 15 (16) Spells: 8/23 levels left

rFire    x . .     SeeInvis .   L - +8 whip "Snakebite" {curare, rPois}
rCold    + . .     Faith    .   (no shield)
rNeg     . . .     Spirit   .   a - +0 robe
rPois    +         Reflect  .   e - +0 helmet (curse)
rElec    .         Harm     .   (no cloak)
rCorr    .         Rampage  .   (no gloves)
Will     .....                  S - +0 pair of boots (curse)
Stlth    +++.......             (no amulet)
HPRegen  0.22/turn              x - ring of magical power
MPRegen  0.21/turn              J - ring of ice

@: frozen ramparts
A: distributed training, fangs 1, strong nose
a: Renounce Religion


You were on level 9 of the Dungeon.
You worshipped Vehumet.
Vehumet was aware of your devotion.
You visited 2 branches of the dungeon, and saw 10 of its levels.
You also visited: Ossuary.

You collected 428 gold pieces.

Inventory:

Hand Weapons
 b - a +0 battleaxe
 f - a +4 hunting sling
 p - a +0 dagger
 z - a +2 hunting sling of freezing
 G - a +0 shortbow
 L - the +8 whip "Snakebite" (weapon) {curare, rPois}
   (You found it on level 6 of the Dungeon)

   It poisons the flesh of those it strikes.
   It protects you from poison.
 O - a +1 war axe of draining
Missiles
 n - 136 arrows
 s - 60 bolts
 t - 39 poisoned darts
 v - 57 sling bullets
 w - 132 stones
 H - a throwing net
 I - 4 boomerangs
 K - 6 atropa-tipped darts
Armour
 a - a +0 robe (worn)
 e - a cursed +0 helmet (worn)
 E - a +0 pair of boots
 P - +0 acid dragon scales
 S - a cursed +0 pair of boots (worn)
Jewellery
 x - a ring of magical power (left hand)
 J - a ring of ice (right hand)
Wands
 C - a wand of iceblast (16)
 F - a wand of disintegration (19)
 Q - a wand of polymorph (7)
 T - a wand of paralysis (7)
Scrolls
 h - a scroll of fog
 i - a scroll of noise {unknown}
 k - 7 scrolls of teleportation
 m - 2 scrolls of immolation {unknown}
 q - 3 scrolls of amnesia {unknown}
 r - 6 scrolls of remove curse {unknown}
 u - 2 scrolls of random uselessness {unknown}
 y - a scroll of enchant weapon {unknown}
 R - a scroll of fear {unknown}
Potions
 c - 8 potions of curing {unknown}
 d - a potion of ambrosia {unknown}
 g - a potion of attraction {unknown}
 j - 3 potions of lignification
 l - 3 potions of flight
 o - 6 potions of brilliance
 A - a potion of heal wounds
 B - a potion of invisibility
 D - a potion of cancellation
 M - a potion of haste
 N - 2 potions of magic
 U - a potion of berserk rage


   Skills:
 + Level 5.0 Fighting
 + Level 5.0 Short Blades
 + Level 5.0 Long Blades
 + Level 5.0 Axes
 + Level 5.0 Maces & Flails
 + Level 5.0 Polearms
 + Level 5.0 Staves
 + Level 5.0 Slings
 + Level 5.0 Bows
 + Level 5.0 Crossbows
 + Level 5.0 Throwing
 + Level 5.0 Armour
 + Level 6.9 Dodging
 + Level 6.6 Stealth
 + Level 5.0 Shields
 + Level 5.0 Unarmed Combat
 + Level 7.2 Spellcasting
 + Level 4.1 Conjurations
 + Level 4.1 Hexes
 + Level 4.1 Summonings
 + Level 4.1 Necromancy
 + Level 4.1 Translocations
 + Level 4.1 Transmutations
 + Level 4.1 Fire Magic
 + Level 8.3 Ice Magic
 + Level 4.1 Air Magic
 + Level 4.1 Earth Magic
 + Level 4.1 Poison Magic
 + Level 5.5 Invocations
 + Level 5.0 Evocations


You had 8 spell levels left.
You knew the following spells:

 Your Spells              Type           Power        Failure   Level
a - Freeze                Ice            ####         1%          1
b - Frozen Ramparts       Ice            ######       1%          3
c - Ozocubu's Armour      Ice            ######..     1%          3
d - Hailstorm             Conj/Ice       ######..     7%          4
e - Summon Ice Beast      Ice/Summ       ######..     7%          4

Your spell library contained the following spells:

 Spells                   Type           Power        Failure   Level
 Foxfire                  Conj/Fire      ####         1%          1
 Corona                   Hex            ####...      1%          1
 Summon Small Mammal      Summ           ####         1%          1
 Ensorcelled Hibernation  Hex/Ice        ######       1%          2
 Call Imp                 Summ           ####....     2%          2
 Call Canine Familiar     Summ           ####....     4%          3
 Confusing Touch          Hex            ####....     4%          3
 Dazzling Flash           Conj/Hex       ####..       4%          3
 Summon Guardian Golem    Hex/Summ       ####....     4%          3
 Tukima's Dance           Hex            ####....     4%          3
 Summon Lightning Spire   Summ/Air       ####....     16%         4


Dungeon Overview and Level Annotations

Branches:
Dungeon (9/15)             Temple (1/1) D:7         Ossuary (visited)
   Lair: D:8-11         Orc: D:9-12

Altars:
Ashenzari
Dithmenos
Fedhas
Hepliaklqana
Kikubaaqudgha
Makhleb
Nemelex Xobeh
Okawaru
Qazlal
Ru
Trog
Uskayaw
Vehumet
Xom
Yredelemnul
The Shining One


Innate Abilities, Weirdness & Mutations

Your experience applies equally to all skills.
You have very sharp teeth.
Your uncanny sense of smell can sniff out nearby items.


Message History

The wall freezes the wight but do no damage.
You feel much better.
The wight resists.
The wall freezes the wight.
The wall freezes the troll.
The troll barely misses you. The troll claws you! x2
* * * LOW HITPOINT WARNING * * *
The wight completely resists.
The wall freezes the wight but do no damage.
The wight resists.
The wall freezes the wight.
Casting: Frozen Ramparts (safe; 1% risk of failure)
Confirm with . or Enter, or press ? or * to list all spells.
Okay, then.
Evoke which item? (* to show all) (? for menu, Esc to quit)
Aiming: Disintegrate
Press: ? - help, Shift-Dir - straight line, f - troll
Aim: a troll (severely wounded, chance to affect: 83%)
The troll barely resists.
The wight resists.
The wall freezes the wight.
The wight resists.
The wall freezes the wight.
The wall freezes the troll!
The troll bites you but does no damage. The troll claws you!
* * * LOW HITPOINT WARNING * * *
The troll claws you!
You die...

.)......####.#
)†.....†...#.#
.........#†#.#
.........#.#.#
.........#.#.#########
.......z.#.#.........#
.z.........#########.#
.......#...#########.#
.......#...zz.zT@....#
.......##..###########
.'...# ...##..# ..
#..# # #.># ####


You could see a troll and 3 wights.

Vanquished Creatures
  Maggie (D:8)
  Menkaure (D:5)
  4 orc warriors
  An ice beast (D:8)
  3 sky beasts
  3 ogres
  A phantom (D:8)
  2 centaurs
  A big kobold (D:7)
  3 bullfrogs (D:7)
  A water moccasin zombie (Ossuary)
  4 scorpions
  5 killer bees (D:7)
  5 howler monkeys
  2 wights (D:9)
  2 bullfrog zombies (D:8)
  A quasit (D:9)
  2 hounds
  A jelly (D:9)
  3 orc wizards
  A centaur zombie (D:6)
  5 orc priests
  A centaur skeleton (D:7)
  An iguana (D:7)
  7 worker ants
  A hound zombie (D:6)
  A hound skeleton (D:7)
  A mummy (Ossuary)
  7 gnolls
  5 adders
  A shadow imp (D:5)
  A white imp (D:7)
  3 oozes
  2 adder skeletons
  2 adder zombies (Ossuary)
  4 worms
  3 dart slugs
  3 leopard geckos (D:2)
  20 orcs
  4 giant cockroaches
  A gnoll zombie (Ossuary)
  6 goblins
  3 hobgoblins
  10 jackals
  12 kobolds
  5 quokkas
  2 ball pythons
  12 bats
  6 frilled lizards
  5 hobgoblin zombies (Ossuary)
  2 kobold zombies (Ossuary)
  2 leopard gecko skeletons (D:4)
  6 orc zombies (Ossuary)
  A quokka skeleton (D:4)
  A quokka zombie (D:7)
  4 rats
197 creatures vanquished.

Vanquished Creatures (collateral kills)
  A black bear (D:8)
  An ogre (D:8)
  A phantom (D:5)
  2 water moccasin zombies (Ossuary)
  A killer bee (D:7)
  A big kobold zombie (Ossuary)
  A mummy (Ossuary)
  A shadow imp (D:6)
  An adder zombie (Ossuary)
  A quokka (D:7)
  2 kobold zombies (Ossuary)
  3 orc zombies (Ossuary)
16 creatures vanquished.

Vanquished Creatures (others)
  14 fungi (D:9)
  12 plants (D:9)
26 creatures vanquished.

Grand Total: 239 creatures vanquished

Notes
Turn   | Place    | Note
-------+----------+-------------------------------------------
     0 | D:1      | robertstho the Gnoll Ice Elementalist began the quest for
                  | the Orb.
     0 | D:1      | Reached XP level 1. HP: 13/13 MP: 6/6
   129 | D:1      | Reached XP level 2. HP: 19/19 MP: 5/7
   596 | D:1      | Reached XP level 3. HP: 23/25 MP: 7/9
   646 | D:1      | Reached skill level 5 in Spellcasting
   852 | D:2      | Noticed an ogre
   859 | D:1      | Learned a level 3 spell: Frozen Ramparts
   863 | D:1      | Learned a level 3 spell: Ozocubu's Armour
   881 | D:2      | Killed an ogre
   882 | D:2      | Reached skill level 1 in Fighting
   882 | D:2      | Reached skill level 1 in Short Blades
   882 | D:2      | Reached skill level 1 in Long Blades
   882 | D:2      | Reached skill level 1 in Axes
   882 | D:2      | Reached skill level 1 in Maces & Flails
   882 | D:2      | Reached skill level 1 in Polearms
   882 | D:2      | Reached skill level 1 in Staves
   882 | D:2      | Reached skill level 1 in Slings
   882 | D:2      | Reached skill level 1 in Bows
   882 | D:2      | Reached skill level 1 in Crossbows
   882 | D:2      | Reached skill level 1 in Throwing
   882 | D:2      | Reached skill level 1 in Armour
   882 | D:2      | Reached skill level 1 in Shields
   882 | D:2      | Reached skill level 1 in Unarmed Combat
   882 | D:2      | Reached skill level 1 in Conjurations
   882 | D:2      | Reached skill level 1 in Hexes
   882 | D:2      | Reached skill level 1 in Summonings
   882 | D:2      | Reached skill level 1 in Necromancy
   882 | D:2      | Reached skill level 1 in Translocations
   882 | D:2      | Reached skill level 1 in Transmutations
   882 | D:2      | Reached skill level 1 in Fire Magic
   882 | D:2      | Reached skill level 1 in Air Magic
   882 | D:2      | Reached skill level 1 in Earth Magic
   882 | D:2      | Reached skill level 1 in Poison Magic
   882 | D:2      | Reached skill level 1 in Invocations
   882 | D:2      | Reached skill level 1 in Evocations
   882 | D:2      | Reached XP level 4. HP: 10/32 MP: 6/11
   927 | D:2      | Learned a level 4 spell: Hailstorm
  1009 | D:2      | Reached XP level 5. HP: 20/37 MP: 12/12
  1325 | D:2      | Found a sparkling altar of Nemelex Xobeh.
  1776 | D:2      | Found a sacrificial altar of Ru.
  1776 | D:2      | Found a basalt altar of Yredelemnul.
  2072 | D:3      | Found a sparkling altar of Nemelex Xobeh.
  2845 | D:4      | Reached XP level 6. HP: 43/44 MP: 9/13
  2855 | D:4      | Learned a level 4 spell: Summon Ice Beast
  3078 | D:4      | Reached skill level 5 in Dodging
  3261 | D:4      | Found a sand-covered staircase.
  3267 | Ossuary  | Entered an ossuary
  3804 | Ossuary  | Reached XP level 7. HP: 26/50 MP: 14/15
  4283 | D:5      | Entered Level 5 of the Dungeon
  4591 | D:5      | Reached skill level 5 in Stealth
  4863 | D:5      | Noticed Menkaure
  4873 | D:5      | Killed Menkaure
  4874 | D:5      | Reached XP level 8. HP: 23/57 MP: 14/16
  6480 | D:6      | Found the +8 whip "Snakebite" {curare, rPois}
  6676 | D:6      | Found a hide-covered altar of Uskayaw.
  6955 | D:7      | Found a staircase to the Ecumenical Temple.
  7009 | D:7      | Reached XP level 9. HP: 62/65 MP: 18/18
  7241 | Temple   | Entered the Ecumenical Temple
  7250 | Temple   | Became a worshipper of Vehumet
  7491 | D:7      | Found a shimmering altar of Xom.
  7568 | D:7      | Reached skill level 8 in Ice Magic
  8013 | D:7      | Found an ancient bone altar of Kikubaaqudgha.
  8031 | D:7      | Found a shimmering altar of Xom.
  8360 | D:8      | Reached * piety under Vehumet
  8360 | D:8      | Offered knowledge of Foxfire by Vehumet.
  8446 | D:8      | Reached skill level 5 in Invocations
  8595 | D:8      | Noticed Maggie
  8610 | D:8      | Killed Maggie
  8611 | D:8      | Reached XP level 10. HP: 43/73 MP: 11/20
  8892 | D:8      | Found a hazy altar of Hepliaklqana.
  8892 | D:8      | Found a hide-covered altar of Uskayaw.
  9085 | D:8      | Found a bloodstained altar of Trog.
  9085 | D:8      | Found an iron altar of Okawaru.
  9449 | D:9      | Reached skill level 5 in Fighting
  9449 | D:9      | Reached skill level 5 in Short Blades
  9449 | D:9      | Reached skill level 5 in Long Blades
  9449 | D:9      | Reached skill level 5 in Axes
  9449 | D:9      | Reached skill level 5 in Maces & Flails
  9449 | D:9      | Reached skill level 5 in Polearms
  9449 | D:9      | Reached skill level 5 in Staves
  9449 | D:9      | Reached skill level 5 in Slings
  9449 | D:9      | Reached skill level 5 in Bows
  9449 | D:9      | Reached skill level 5 in Crossbows
  9449 | D:9      | Reached skill level 5 in Throwing
  9449 | D:9      | Reached skill level 5 in Armour
  9449 | D:9      | Reached skill level 5 in Shields
  9449 | D:9      | Reached skill level 5 in Unarmed Combat
  9449 | D:9      | Reached skill level 5 in Evocations
  9485 | D:9      | Slain by a troll

Illustrated notes

Levels and vault maps discovered:
D:1:      saegor_arrival_simple_b, layout_basic, hex_intersection
D:2:      wander_river, layout_loops_ring, gammafunk_temple_overflow_wave,
          nemelex_xobeh_ov_fountains_minmay
D:3:      layout_basic, lemuel_round_altar, kennysheep_generic_room_11
D:4:      layout_rooms, lightli_ossuary_entry_decrepit_ruins
D:5:      layout_basic, uniq_menkaure
D:6:      layout_loops_ring, basic_altar
D:7:      layout_cave_pods, kennysheep_mini_moat, lemuel_round_altar,
          minmay_temple_entry_crystal_x, brannock_xom_greatest_gift
D:8:      layout_basic, grunt_temple_overflow_bloody_war,
          chequers_temple_overflow_statue_of_worship, kennysheep_generic_room_8,
          uniq_maggie
D:9:      layout_basic, grunt_lair_entry_orc_guard_hut, bloody_makhleb
Temple:   cyrus_circular_temple

Skill      XL: |  1  2  3  4  5  6  7  8  9 10 |
---------------+-------------------------------+-----
Spellcasting   | 5 6 7 |  7.2
Fighting       | 1 2 3 4 5 |  5.0
Short Blades   | 1 2 3 4 5 |  5.0
Long Blades    | 1 2 3 4 5 |  5.0
Axes           | 1 2 3 4 5 |  5.0
Maces & Flails | 1 2 3 4 5 |  5.0
Polearms       | 1 2 3 4 5 |  5.0
Staves         | 1 2 3 4 5 |  5.0
Slings         | 1 2 3 4 5 |  5.0
Bows           | 1 2 3 4 5 |  5.0
Crossbows      | 1 2 3 4 5 |  5.0
Throwing       | 1 2 3 4 5 |  5.0
Armour         | 1 2 3 4 5 |  5.0
Shields        | 1 2 3 4 5 |  5.0
Unarmed Combat | 1 2 3 4 5 |  5.0
Conjurations   | 1 2 3 4 |  4.1
Hexes          | 1 2 3 4 |  4.1
Summonings     | 1 2 3 4 |  4.1
Necromancy     | 1 2 3 4 |  4.1
Translocations | 1 2 3 4 |  4.1
Transmutations | 1 2 3 4 |  4.1
Fire Magic     | 1 2 3 4 |  4.1
Air Magic      | 1 2 3 4 |  4.1
Earth Magic    | 1 2 3 4 |  4.1
Poison Magic   | 1 2 3 4 |  4.1
Invocations    | 1 2 3 4 5 |  5.5
Evocations     | 1 2 3 4 5 |  5.0
Dodging        | 5 6 |  6.9
Stealth        | 5 6 |  6.6
Ice Magic      | 8 |  8.3

Action                   |  1- 3 |  4- 6 |  7- 9 | 10-12 || total
-------------------------+-------+-------+-------+-------++-------
Melee: Unarmed           |    60 |     7 |       |       ||    67
       Bite              |     7 |     9 |    12 |     1 ||    29
       Dagger            |       |    90 |       |       ||    90
       Battleaxe         |       |    48 |    75 |       ||   123
       Punch             |       |     1 |     1 |       ||     2
       Whip              |       |       |    77 |    26 ||   103
 Cast: Freeze            |    18 |     4 |     3 |       ||    25
       Frozen Ramparts   |     1 |    15 |    20 |     2 ||    38
       Summon Ice Beast  |       |     7 |    20 |     3 ||    30
       Hailstorm         |       |       |    14 |     3 ||    17
Evoke: Wand              |       |       |       |     1 ||     1
  Use: Scroll            |       |     6 |     5 |     1 ||    12
       Potion            |       |     1 |     3 |     1 ||     5
 Stab: Sleeping          |     6 |    18 |     4 |     3 ||    31
       Distracted        |     1 |     1 |     1 |       ||     3
Armor: Robe              |    18 |    27 |    24 |    14 ||    83
Dodge: Dodged            |    56 |   148 |   163 |    38 ||   405

Table legend: (Time is in decaauts)
 A = Elapsed time spent in this place.
 B = Non-inter-level travel time spent in this place.
 C = Inter-level travel time spent in this place.
 D = Time resting spent in this place.
 E = Time spent auto-exploring this place.
 F = Levels seen in this place.
 G = Mean time per level.
                   A        B        C        D        E       F      G
               +--------+--------+--------+--------+--------+-----+--------+
         Total |   9546 |   9345 |    201 |   1008 |   6862 |  11 |  867.8 |
       Dungeon |   8546 |   8352 |    194 |    375 |   6683 |   9 |  949.6 |
        Temple |     16 |      9 |      7 |      0 |      1 |   1 |   16.0 |
       Ossuary |    984 |    984 |      0 |    633 |    178 |   1 |  984.0 |
               +--------+--------+--------+--------+--------+-----+--------+

Top non-repeatable levels by time:
     D:5: 1656 daAuts
     D:7: 1455 daAuts
     D:8: 1123 daAuts
     D:2: 1010 daAuts
 Ossuary: 984 daAuts
     D:6: 868 daAuts
     D:1: 860 daAuts
     D:3: 780 daAuts
     D:4: 688 daAuts
     D:9: 100 daAuts
  Temple: 16 daAuts
